 Dungeon Crawl Stone Soup version 0.30-b1-2-g02819fbbbe (webtiles) character file.

Game seed: 15954389462087745144

43 raph the Cutter (level 3, -3/22 HPs)
             Began as a Deep Elf Berserker on Oct 17, 2023.
             Was a Follower of Trog.
             Frozen to death by an endoplasm (5 damage)
             ... on level 1 of the Dungeon.
             The game lasted 00:01:45 (724 turns).

raph the Cutter (Deep Elf Berserker)                 Turns: 724, Time: 00:01:46

Health: -3/22      AC:  3    Str: 14    XL:     3   Next: 37%
Magic:  5/5        EV: 12    Int: 11    God:    Trog [*.....]
Gold:   70         SH:  0    Dex: 16    Spells: 2/2 levels left

rFire   . . .        a - +1 short sword
rCold   . . .        (no shield)
rNeg    . . .        b - +0 animal skin
rPois   .            (no helmet)
rElec   .            c - +0 cloak
rCorr   .            (no gloves)
SInv    .            (no boots)
Will    .....        (no amulet)
Stlth   +            (no ring)
HPRegen 0.23/turn    (no ring)
MPRegen 0.09/turn

%: no passive effects
@: on berserk cooldown, slowed, very slow
A: no striking features
a: Renounce Religion, Berserk


You were on level 1 of the Dungeon.
You worshipped Trog.
Trog was aware of your devotion.
You visited 1 branch of the dungeon, and saw 1 of its levels.

You collected 70 gold pieces.

Inventory:

Hand Weapons
 a - a +1 short sword (weapon)
Armour
 b - a +0 animal skin (worn)
 c - a +0 cloak (worn)
Scrolls
 d - 2 scrolls of identify
 h - a scroll of teleportation
Potions
 e - a potion of degeneration


   Skills:
 - Level 2.4 Fighting
 + Level 4.5 Short Blades
 - Level 1.5 Armour
 - Level 2.4 Dodging


You had 2 spell levels left.
You didn't know any spells.
Your spell library was empty.

Dungeon Overview and Level Annotations

Branches:
Dungeon (1/15)

Altars:

Shops:
D:1 :


Message History

You are frozen.
Things that are here:
a +0 club; a goblin corpse You hit the endoplasm.
The endoplasm is lightly wounded.
The endoplasm freezes you.
You are frozen.
You hit the endoplasm but do no damage.
The endoplasm is lightly wounded.
The endoplasm freezes you.
You are frozen.
The endoplasm freezes you.
You are frozen.
You are too injured to fight recklessly!
You are too injured to fight recklessly!
You are too injured to fight recklessly!
You are too injured to fight recklessly!
You are too injured to fight recklessly!
You are too injured to fight recklessly!
You hit the endoplasm.
The endoplasm is heavily wounded.
The endoplasm freezes you.
You are frozen.
* * * LOW HITPOINT WARNING * * *
You see here an orb of light.
You're still recovering from your berserk rage.
You barely miss the endoplasm.
The endoplasm is heavily wounded.
The endoplasm misses you. The endoplasm freezes you.
You are frozen.
* * * LOW HITPOINT WARNING * * *
You're still recovering from your berserk rage.
You hit the endoplasm.
The endoplasm is almost dead.
The endoplasm barely misses you.
Okay, then.
The endoplasm freezes you.
You are frozen.
You die...

######### #####
..).....#########...#
...####.........@J..##
.#.#
##########.....#####
...# #.....[)....#
.#.# #.#....†###.#
##.# #.##...## ##.# #
##.## #.########## #.#
#........... $.#
#........... ..!.


You could see an endoplasm.

Vanquished Creatures
  A dart slug (D:1)
  2 ball pythons (D:1)
  An endoplasm (D:1)
  4 giant cockroaches (D:1)
  3 goblins (D:1)
  4 hobgoblins (D:1)
  7 jackals (D:1)
  3 quokkas (D:1)
  3 bats (D:1)
  4 kobolds (D:1)
  3 rats (D:1)
35 creatures vanquished.

Notes
Turn   | Place    | Note
-------+----------+-------------------------------------------
     0 | D:1      | raph the Deep Elf Berserker began the quest for the Orb.
     0 | D:1      | Reached XP level 1. HP: 13/13 MP: 3/3
   142 | D:1      | Reached XP level 2. HP: 18/18 MP: 4/4
   225 | D:1      | Reached skill level 4 in Short Blades
   360 | D:1      | Reached XP level 3. HP: 22/22 MP: 5/5
   632 | D:1      | Found Reopnuih's Book Emporium.
   721 | D:1      | HP: 1/22 [frozen (4)]
   724 | D:1      | Frozen to death by an endoplasm

Illustrated notes

Levels and vault maps discovered:
D:1:      ncdulo_watergridlock, layout_loops_ring, serial_shops, shop,
          st_stairs_4, minmay_split_cup_large

Skill      XL: |  1  2 |
---------------+-------+-----
Short Blades   | 4 |  4.5
Fighting       | |  2.4
Armour         | |  1.5
Dodging        | |  2.4

Action                     || total
---------------------------++-------
  Melee: Short sword       ||    93
         Punch             ||     3
 Invoke: Berserk           ||     6
    Use: Scroll            ||     5
 Armour: Animal skin       ||    19
  Dodge: Dodged            ||    54
